 Dungeon Crawl Stone Soup version 0.28-a0-998-gb9e9c7b67e (webtiles) character file.

Game seed: 9502455561303088409

361964 Zonian the Fighter (level 21, -3/166 HPs)
             Began as a Demonspawn Gladiator on Dec 3, 2021.
             Was the Champion of Nemelex Xobeh.
             Slain by a white ugly thing (35 damage)
             ... led by a wizard
             ... on level 1 of the Vaults on Dec 5, 2021.
             The game lasted 02:57:43 (47387 turns).

Zonian the Fighter (Demonspawn Gladiator)          Turns: 47387, Time: 02:57:43

Health: -3/166     AC: 25    Str: 15    XL:     21   Next: 51%
Magic:  27/36      EV: 25    Int: 16    God:    Nemelex Xobeh [******]
Gold:   1183       SH:  9    Dex: 23    Spells: 2/43 levels left

rFire   . . .      SeeInvis .   H - +3 dagger of the Sun {distort, Will+ Dex+4}
rCold   . . .      Faith    .   p - +3 buckler
rNeg    + + +      Spirit   .   X - +13 Cigotuvi's embrace {rMiasma Drain rN+}
rPois   +          Reflect  .   S - +2 hat {Stlth+}
rElec   .          Harm     .   O - scarf {repulsion}
rCorr   +          Rampage  .   j - +2 pair of gloves
Will    +....                   (no boots)
Stlth   ++++++....              m - amulet of regeneration
HPRegen 4.17/turn               z - ring "Zewkuasm" {rPois rN++ Will- rCorr Slay+2}
MPRegen 0.25/turn               t - +4 ring of evasion

@: studying Throwing, repel missiles
A: horns 2, icemail 1, powered by death 2, augmentation 2, sharp scales 3,
condensation shield
}: 2/15 runes: serpentine, barnacled
a: Renounce Religion, Draw Escape, Draw Destruction, Draw Summoning, Draw Stack,
Triple Draw, Deal Four, Stack Five


You were on level 1 of the Vaults.
You worshipped Nemelex Xobeh.
Nemelex Xobeh was exalted by your worship.
You visited 8 branches of the dungeon, and saw 36 of its levels.
You also visited: Gauntlet.

You collected 4166 gold pieces.
You spent 2983 gold pieces at shops.

Inventory:

Hand Weapons
 H - the +3 dagger of the Sun (weapon) {distort, Will+ Dex+4}
   (You found it on level 8 of the Dungeon)

   It warps and distorts space around it, and may blink, banish, or inflict
   extra damage upon those it strikes.
   Unwielding it can cause banishment or high damage.
   Dex:       It affects your dexterity (+4).
   Will:      It increases your willpower.
Missiles
 s - 33 boomerangs (quivered)
 w - 8 throwing nets
 B - 9 javelins
 G - 102 poisoned darts
 V - 22 silver javelins
Armour
 j - a +2 pair of gloves (worn)
 p - a +3 buckler (worn)
 O - a scarf of repulsion (worn)
 S - a +2 hat of stealth (worn)
 X - the +13 Cigotuvi's embrace (worn) {rMiasma Drain rN+}
   (You found it on level 5 of the Lair of Beasts)

   It gathers nearby corpses to temporarily increase the armour it provides.
   It protects you from foul pestilence.
   rN:        It protects you from negative energy.
   Drain:     It drains your maximum health when unequipped.
Jewellery
 b - the ring of Exis {rF- EV+4 Str+6 Slay+3}
   (You found it on level 6 of the Lair of Beasts)

   [ring of evasion]

   EV:        It affects your evasion (+4).
   Str:       It affects your strength (+6).
   Slay:      It affects your accuracy & damage with ranged weapons and melee
   (+3).
   rF:        It makes you vulnerable to fire.
 c - a ring of protection from fire
 m - an amulet of regeneration (around neck)
 t - a +4 ring of evasion (right hand)
 y - a +6 ring of dexterity
 z - the ring "Zewkuasm" (left hand) {rPois rN++ Will- rCorr Slay+2}
   (You found it in a Gauntlet)

   [ring of resist corrosion]

   Slay:      It affects your accuracy & damage with ranged weapons and melee
   (+2).
   rPois:     It protects you from poison.
   rN:        It greatly protects you from negative energy.
   rCorr:     It protects you from acid and corrosion.
   Will:      It decreases your willpower.
 I - a ring of flight
 T - a +6 ring of dexterity
 Z - a ring of protection from cold
Wands
 d - a wand of mindburst (19)
 n - a wand of flame (74)
 v - a wand of charming (5)
 A - a wand of iceblast (5)
 W - a wand of digging (10)
 Y - a wand of acid (7)
Scrolls
 a - 4 scrolls of fog
 f - 2 scrolls of silence
 i - 8 scrolls of fear
 l - 11 scrolls of teleportation
 q - a scroll of enchant armour
 u - 16 scrolls of identify
 C - 3 scrolls of magic mapping
 J - 3 scrolls of summoning
 M - 4 scrolls of blinking
Potions
 e - 5 potions of heal wounds
 g - 13 potions of curing
 h - 6 potions of ambrosia
 k - 5 potions of magic
 o - 8 potions of attraction
 r - a potion of cancellation
 x - 5 potions of brilliance
 E - 4 potions of flight
 F - 5 potions of berserk rage
 L - 2 potions of might
 N - 6 potions of invisibility
 P - 2 potions of lignification
 Q - 2 potions of haste
Miscellaneous
 D - a tin of tremorstones (2/2)
 K - a phantom mirror
 R - a condenser vane
 U - a lightning rod (4/4)


   Skills:
 + Level 14.7 Fighting
 - Level 10.0 Short Blades
 + Level 7.8 Throwing
 - Level 8.0 Armour
 - Level 12.0 Dodging
 - Level 9.7 Stealth
 - Level 4.0 Shields
 + Level 11.6 Spellcasting
 + Level 13.0 Conjurations
 + Level 1.0 Hexes
 + Level 6.9 Necromancy
 + Level 10.6 Translocations
 + Level 11.9 Fire Magic
 + Level 9.8 Invocations
 - Level 9.2 Evocations


You had 2 spell levels left.
You knew the following spells:

 Your Spells              Type           Power      Damage    Failure   Level
a - Foxfire               Conj/Fire      100%       2x1d9     1%          1
b - Flame Wave            Conj/Fire      49%        2d8       1%          4
c - Iskenderun's Mystic   Conj/Tloc      47%        2d10      1%          4
d - Starburst             Conj/Fire      24%        6d8       9%          6
e - Fireball              Conj/Fire      24%        3d11      1%          5
f - Blink                 Tloc           86%        N/A       1%          2
g - Lesser Beckoning      Tloc           43%        N/A       1%          3
h - Manifold Assault      Tloc           43%        N/A       3%          5
i - Dispel Undead         Necr           31%        3d14      5%          4
j - Fulminant Prism       Conj/Hex       15%        3d11      4%          4
k - Portal Projectile     Hex/Tloc       56%        N/A       2%          3

Your spell library contained the following spells:

 Spells                   Type           Power      Damage    Failure   Level
 Animate Skeleton         Necr           62%        N/A       1%          1
 Magic Dart               Conj           100%       1d8       1%          1
 Pain                     Necr           100%       1d9       1%          1
 Searing Ray              Conj           100%       2d8       1%          2
 Static Discharge         Conj/Air       30%        N/A       1%          2
 Corpse Rot               Necr/Air       40%        N/A       3%          2
 Freeze                   Ice            36%        1d6       9%          1
 Sting                    Tmut/Pois      36%        1d4       9%          1
 Summon Small Mammal      Summ           36%        N/A       9%          1
 Passwall                 Tmut/Erth      7%         N/A       14%         2
 Poisonous Vapours        Pois/Air       18%        N/A       14%         2
 Conjure Flame            Conj/Fire      49%        6-21      1%          3
 Dazzling Flash           Conj/Hex       62%        N/A       1%          3
 Inner Flame              Hex/Fire       30%        N/A       1%          3
 Vampiric Draining        Necr           31%        2d8       1%          3
 Passage of Golubria      Tloc           43%        N/A       1%          4
 Sticky Flame             Conj/Fire      49%        2d7       1%          4
 Animate Dead             Necr           15%        N/A       5%          4
 Hailstorm                Conj/Ice       30%        3d8       6%          4
 Frozen Ramparts          Ice            18%        1d3       26%         3
 Summon Forest            Summ/Tloc      13%        N/A       28%         5
 Leda's Liquefaction      Hex/Erth       5%         N/A       58%         4
 Animate Armour           Summ/Erth      18%        N/A       65%         4
 Ice Form                 Ice/Tmut       9%         N/A       65%         4
 Olgreb's Toxic Radiance  Pois           9%         N/A       65%         4
 Summon Ice Beast         Ice/Summ       9%         N/A       65%         4
 Silence                  Hex/Air        5%         N/A       90%         5
 Lee's Rapid Deconstruct  Erth           4%         3d6*      94%         5
 Ignition                 Fire           23%        3d8       99%         8
 Statue Form              Tmut/Erth      6%         N/A       100%        6
 Haunt                    Necr/Summ      10%        N/A       100%        7
 Infestation              Necr           15%        N/A       100%        8
 Lehudib's Crystal Spear  Conj/Erth      15%        10d5      100%        8
 Summon Horrible Things   Summ           4%         N/A       100%        8


Dungeon Overview and Level Annotations

Branches:
Dungeon (15/15)            Temple (1/1) D:4            Lair (6/6) D:10
 Shoals (4/4) Lair:4        Snake (4/4) Lair:2        Slime (0/5) Lair:5
    Orc (2/2) D:10            Elf (3/3) Orc:2        Vaults (1/5) D:13
 Depths (0/4) D:15        Gauntlet (visited)

Altars:
Ashenzari
Cheibriados
Dithmenos
Elyvilon
Fedhas
Gozag
Hepliaklqana
Kikubaaqudgha
Makhleb
Nemelex Xobeh
Okawaru
Qazlal
Ru
Sif Muna
Trog
Uskayaw
Vehumet
Wu Jian
Xom
Yredelemnul
Zin
The Shining One
Beogh

Shops:
D:15 (   Orc:1 ***   Orc:2 :[*(   Elf:3 =   Shoals:1 *   Shoals:3 =   Snake:2 [
Snake:3 !?:[

Annotations:
D:3 1 runed translucent door, Crazy Yiuf
Shoals:1 3 runed translucent doors, exclusion: obsidian statue, tatocazan's ghost, adept DsFi
Snake:3 Roxanne
Elf:2 3 runed translucent doors
Abyss:1 Aizul, Nergalle


Innate Abilities, Weirdness & Mutations

You have a pair of horns on your head.
A meltable icy envelope protects you from harm. (AC +0)
You regenerate health from kills.
Your magical and physical power is enhanced at high health.
You are completely covered in razor-sharp scales. (AC +3, Slay +3)
A meltable shield of frost defends you. (SH +0)


Message History

The flame wave engulfs the white ugly thing!
The white ugly thing is lightly wounded.
The flame wave engulfs the white ugly thing.
The white ugly thing is moderately wounded. (Press . to intensify the flame waves.)
You block the white ugly thing's attack.
The white ugly thing headbutts you but does no damage.
A wave of flame ripples out!
The flame wave engulfs the white ugly thing.
The white ugly thing is lightly wounded.
The flame wave engulfs the white ugly thing!
The white ugly thing is heavily wounded.
The flame wave engulfs the ironbound preserver.
The ironbound preserver is almost dead.
The flame wave engulfs the deep troll!
The deep troll is severely wounded.
You kill the ironbound preserver!
A chunk of your corpse armour falls away.
The white ugly thing claws you but does no damage.
You block the white ugly thing's attack.
A wave of flame ripples out!
The flame wave engulfs the white ugly thing!
The white ugly thing is moderately wounded.
The flame wave engulfs the white ugly thing!
The white ugly thing is heavily wounded.
The flame wave engulfs the deep troll!
You kill the deep troll!
The troll leather armour is intact enough to wear.
You finish channelling waves of flame.
Your shell of carrion and bone grows thicker.
The white ugly thing misses you.
The white ugly thing headbutts you but does no damage.
You barely miss the white ugly thing.
Your headbutt misses the white ugly thing.
The white ugly thing is heavily wounded.
The white ugly thing claws you.
* * * LOW HITPOINT WARNING * * *
The white ugly thing freezes you!!
You die...
Your body glows with a rainbow of weird colours and disappears.

........#......#
........#..>...#
........#......#
........#......#
........#......#
........#......#
........#......#
.......u####'###...
........@[).........
.......u[...........
....................
#################...
.. .


You could see 2 ugly things.

Vanquished Creatures
  Bai Suzhen (Shoals:4)
  Vashnia (Snake:3)
  Nikola (Snake:3)
  Mlioglotl (Snake:3)
  A deep elf master archer (Elf:3)
  A deep elf blademaster (Elf:3)
  A kraken (Shoals:3)
  Gastronok (Lair:2)
  A nagaraja (Snake:3)
  3 deep elf sorcerers (Elf:3)
  An orc warlord (Orc:1)
  5 deep elf elementalists (Elf:3)
  An ironbound preserver (Vaults:1)
  A very ugly thing (D:15)
  9 deep elf demonologists
  An entropy weaver (shapeshifter) (D:10)
  4 deep elf annihilators (Elf:3)
  A minotaur (Gauntlet)
  2 deep elf death magi (Elf:3)
  Snorg (Lair:6)
  7 merfolk javelineers
  4 merfolk impalers
  5 deep elf high priests (Elf:3)
  2 great orbs of eyes
  Josephine (D:15)
  Erolcha (Orc:1)
  2 rakshasas (D:15)
  9 naga warriors
  A catoblepas (Lair:6)
  5 hydras
  An ironbound thunderhulk (Vaults:1)
  7 centaur warriors
  2 boulder beetles
  3 salamander tyrants (Snake:4)
  A merfolk avatar (Shoals:3)
  An ogre mage (D:15)
  6 merfolk aquamancers
  9 anacondas
  12 dancing weapons
  An alligator snapping turtle (Shoals:4)
  5 two-headed ogres
  4 satyrs
  7 death yaks
  2 tengu warriors
  3 orc high priests
  11 naga sharpshooters
  10 shock serpents
  Sonja (Lair:4)
  14 deep elf knights
  A fire crab (Snake:4)
  3 salamander mystics
  3 skeletal warriors
  A glowing orange brain (shapeshifter) (D:15)
  9 sea snakes
  5 deep trolls
  2 naga ritualists (Snake:4)
  An obsidian statue (Gauntlet)
  15 harpies
  12 deep elf archers
  A wizard (D:14)
  A harpy (shapeshifter) (D:14)
  A necromancer (D:13)
  8 orc knights
  An ironbound convoker (Vaults:1)
  2 lindwurms
  28 deep elf pyromancers
  21 deep elf zephyrmancers
  8 ugly things
  23 fauns
  A mana viper (Snake:4)
  3 orc sorcerers
  A salamander (shapeshifter) (D:13)
  26 salamanders
  A moth of wrath (Gauntlet)
  4 cyclopes
  11 manticores
  7 merfolk sirens
  16 elephants
  21 black mambas
  11 naga magi
  A torpor snail (Lair:2)
  3 water nymphs (Shoals:4)
  8 guardian serpents (Snake:4)
  12 cane toads
  A kobold demonologist (D:11)
  6 komodo dragons
  An unseen horror (D:10)
  A yaktaur (shapeshifter) (D:13)
  3 freezing wraiths
  A tengu conjurer (D:15)
  3 rime drakes
  A meliai (shapeshifter) (Elf:2)
  5 polar bears (Lair:6)
  6 meliai (D:13)
  A jumping spider (Shoals:3)
  34 merfolk
  4 trolls
  8 wind drakes
  7 slime creatures
  14 dream sheep
  5 hornets
  21 blink frogs
  4 snapping turtles
  4 air elementals
  12 spriggans (Lair:6)
  7 water elementals
  A vampire (D:10)
  4 wyverns
  26 yaks
  Eustachio (D:6)
  4 wraiths
  A fire elemental (Elf:2)
  A fire bat (Snake:4)
  A human (shapeshifter) (D:13)
  A steam dragon (D:8)
  3 basilisks
  6 vampire mosquitoes (D:12)
  4 wargs
  Menkaure (D:6)
  4 acid dragons
  34 nagas
  18 water moccasins
  43 orc warriors
  5 black bears
  A sky beast (D:6)
  10 ogres
  46 wolves
  2 necrophages
  7 centaurs
  2 boggarts (Lair:6)
  2 kobold brigands
  11 bullfrogs
  2 gnoll sergeants
  A wyvern zombie (D:7)
  3 scorpions
  3 earth elementals
  A water moccasin zombie (D:5)
  A wyvern skeleton (D:7)
  A water moccasin skeleton (D:6)
  5 killer bees (D:10)
  3 wights (D:8)
  5 electric eels (Lair:1)
  A howler monkey (shapeshifter) (D:13)
  2 howler monkeys (D:13)
  A jelly (D:5)
  2 lava snakes (Snake:2)
  2 bullfrog zombies
  4 centaur zombies
  2 hounds
  19 orc priests
  A bullfrog skeleton (D:6)
  2 iguanas
  Jessica (D:2)
  2 gnoll shamans
  21 orc wizards
  6 hell rats (Lair:4)
  3 hound skeletons (D:4)
  A howler monkey zombie (D:6)
  2 howler monkey skeletons (D:5)
  23 gnolls
  6 adders
  An adder skeleton (D:4)
  2 worms (D:2)
  2 dart slugs
  42 orcs
  4 bats
  6 endoplasms
  4 giant cockroaches
  13 goblins
  6 hobgoblins
  4 jackals (D:1)
  10 kobolds
  4 quokkas
  4 ball pythons
  A frilled lizard (D:2)
  6 rats
  4 tentacles (Shoals:3)
1074 creatures vanquished.

Vanquished Creatures (collateral kills)
  A salamander tyrant (Snake:4)
  3 anacondas (Snake:4)
  A dancing weapon (Elf:3)
  A death yak (Lair:4)
  A shock serpent (Snake:4)
  A sea snake (Shoals:4)
  A salamander (Snake:2)
  A cyclops (D:13)
  A guardian serpent (Snake:4)
  An unseen horror (D:12)
  4 slime creatures (D:13)
  2 yaks (Lair:2)
18 creatures vanquished.

Vanquished Creatures (others)
  A merfolk javelineer (Shoals:3)
  A deep elf zephyrmancer (Elf:1)
  A black mamba (Snake:3)
  A naga mage (Snake:4)
  2 merfolk (Shoals:3)
  15 foxfires
  61 fungi
  165 plants
  23 tentacles
  4 withered plants (Gauntlet)
274 creatures vanquished.

Grand Total: 1366 creatures vanquished

Notes
Turn   | Place    | Note
-------+----------+-------------------------------------------
     0 | D:1      | Zonian the Demonspawn Gladiator began the quest for the
                  | Orb.
     0 | D:1      | Reached XP level 1. HP: 16/16 MP: 1/1
   378 | D:1      | Gained mutation: You regenerate a little health from kills.
                  | [demonic ancestry]
   378 | D:1      | Reached XP level 2. HP: 19/22 MP: 2/2
   708 | D:1      | Found a faded altar of an unknown god.
  1238 | D:2      | Gained mutation: You have a pair of small horns on your
                  | head. [demonic ancestry]
  1238 | D:2      | Reached XP level 3. HP: 15/28 MP: 3/3
  1723 | D:2      | Noticed Jessica
  1730 | D:2      | Killed Jessica
  1731 | D:2      | Reached skill level 1 in Armour
  1731 | D:2      | Gained mutation: You are partially covered in razor-sharp
                  | scales. (AC +1, Slay +1) [demonic ancestry]
  1731 | D:2      | Reached XP level 4. HP: 20/34 MP: 4/4
  3401 | D:3      | Reached skill level 1 in Stealth
  3526 | D:3      | Gained mutation: You regenerate health from kills. [demonic
                  | ancestry]
  3526 | D:3      | Reached XP level 5. HP: 40/40 MP: 5/5
  3656 | D:3      | Reached skill level 3 in Fighting
  3957 | D:3      | Found a runed translucent door.
  3958 | D:3      | Noticed Crazy Yiuf
  4825 | D:4      | Reached XP level 6. HP: 41/47 MP: 6/6
  5134 | D:4      | Found a staircase to the Ecumenical Temple.
  5157 | Temple   | Entered the Ecumenical Temple
  5359 | Temple   | Became a worshipper of Nemelex Xobeh the Trickster
  5650 | D:5      | Entered Level 5 of the Dungeon
  5917 | D:5      | Reached skill level 4 in Fighting
  5917 | D:5      | Gained mutation: You are mostly covered in razor-sharp
                  | scales. (AC +2, Slay +2) [demonic ancestry]
  5917 | D:5      | Reached XP level 7. HP: 52/54 MP: 7/7
  6204 | D:5      | Reached skill level 5 in Short Blades
  6293 | D:5      | Reached XP level 8. HP: 61/61 MP: 8/8
  6359 | D:5      | Found a hazy altar of Hepliaklqana.
  6360 | D:5      | Found a burning altar of Makhleb.
  6489 | D:5      | Found an ornate altar of the Wu Jian Council.
  6492 | D:5      | Reached * piety under Nemelex Xobeh
  6566 | D:6      | Noticed Menkaure
  6674 | D:6      | Reached skill level 5 in Fighting
  6674 | D:6      | Reached skill level 5 in Dodging
  7017 | D:6      | Received a gift from Nemelex Xobeh
  7025 | D:6      | Killed Menkaure
  7167 | D:6      | Reached skill level 5 in Stealth
  7355 | D:6      | Noticed Eustachio
  7372 | D:6      | Killed Eustachio
  7446 | D:6      | Reached skill level 6 in Fighting
  7446 | D:6      | Reached XP level 9. HP: 68/69 MP: 9/9
  7689 | D:7      | Reached ** piety under Nemelex Xobeh
  7779 | D:7      | Received a gift from Nemelex Xobeh
  8375 | D:7      | Found a bloodstained altar of Trog.
  8651 | D:8      | Identified the +3 dagger of the Sun {distort, Will+ Dex+4}
  8713 | D:8      | Received a gift from Nemelex Xobeh
  8971 | D:8      | Identified the +2 shortbow of Evisceration {freeze, Fragile
                  | rElec rN+ Will++}
  9101 | D:8      | Reached *** piety under Nemelex Xobeh
  9228 | D:8      | Found a hide-covered altar of Uskayaw.
  9994 | D:9      | Reached skill level 7 in Fighting
 10100 | D:9      | Gained mutation: A meltable shield of frost defends you.
                  | (SH +0) [demonic ancestry]
 10100 | D:9      | Reached XP level 10. HP: 79/79 MP: 10/10
 10420 | D:9      | Noticed a two-headed ogre
 10425 | D:9      | Banished a two-headed ogre
 10513 | D:9      | Noticed a deep elf pyromancer
 10518 | D:9      | Killed a deep elf pyromancer
 10519 | D:9      | Reached skill level 8 in Fighting
 10641 | D:9      | Reached **** piety under Nemelex Xobeh
 10838 | D:9      | Received a gift from Nemelex Xobeh
 11046 | D:9      | Learned a level 1 spell: Foxfire
 11075 | D:10     | Entered Level 10 of the Dungeon
 11078 | D:10     | Found a staircase to the Orcish Mines.
 11140 | D:10     | Noticed an orc knight
 11149 | D:10     | Found a staircase to the Lair.
 11327 | D:10     | Noticed a purple ugly thing
 11337 | D:10     | Reached skill level 1 in Spellcasting
 11337 | D:10     | Reached skill level 1 in Conjurations
 11337 | D:10     | Reached skill level 1 in Fire Magic
 11339 | D:10     | Killed a purple ugly thing
 11381 | D:10     | Noticed a two-headed ogre
 11431 | D:10     | Received a gift from Nemelex Xobeh
 11484 | D:10     | Reached XP level 11. HP: 87/87 MP: 13/13
 11552 | D:10     | Killed a two-headed ogre
 11744 | D:10     | Identified the +0 ring mail of Benevolence {Harm Drain rN+
                  | Str+2}
 11744 | D:10     | Noticed a tengu warrior
 11744 | D:10     | Noticed a deep elf pyromancer
 11746 | D:10     | Noticed a red ugly thing
 11748 | D:10     | Noticed a boulder beetle
 11818 | D:10     | Killed a red ugly thing
 11827 | D:10     | Upgraded the game from 0.28-a0-983-g1de4e0787c to
                  | 0.28-a0-991-g956f0ee3d5
 11872 | D:10     | Killed a deep elf pyromancer
 11905 | D:10     | Noticed a centaur warrior
 12273 | D:10     | Killed a tengu warrior
 12289 | D:10     | Killed a centaur warrior
 12290 | D:10     | Reached skill level 9 in Fighting
 12290 | D:10     | Reached skill level 1 in Evocations
 12307 | D:10     | Killed a boulder beetle
 12350 | D:10     | Killed an orc knight
 12493 | D:10     | Noticed a quicksilver ooze
 12534 | D:10     | Noticed a boulder beetle
 12534 | D:10     | a quicksilver ooze changed into a boulder beetle
 12535 | D:10     | Noticed an entropy weaver
 12535 | D:10     | a boulder beetle changed into an entropy weaver
 12552 | D:10     | Killed an entropy weaver
 12980 | Lair:1   | Entered Level 1 of the Lair of Beasts
 13119 | Lair:1   | Gained mutation: You have a pair of horns on your head.
                  | [demonic ancestry]
 13119 | Lair:1   | Reached XP level 12. HP: 95/95 MP: 17/17
 13452 | Lair:1   | Learned a level 4 spell: Flame Wave
 13528 | Lair:1   | Reached ***** piety under Nemelex Xobeh
 14155 | Lair:2   | Noticed an eight-headed hydra
 14161 | Lair:2   | Killed an eight-headed hydra
 14222 | Lair:2   | Noticed Gastronok
 14277 | Lair:2   | Killed Gastronok
 14278 | Lair:2   | Reached skill level 5 in Conjurations
 14361 | Lair:2   | Found a staircase to the Snake Pit.
 14391 | Lair:2   | Received a gift from Nemelex Xobeh
 14803 | Lair:2   | Received a gift from Nemelex Xobeh
 15239 | Lair:3   | Reached skill level 5 in Spellcasting
 15252 | Lair:3   | Reached skill level 10 in Fighting
 15252 | Lair:3   | Reached skill level 5 in Fire Magic
 15378 | Lair:3   | Received a gift from Nemelex Xobeh
 15812 | Lair:3   | Reached XP level 13. HP: 103/103 MP: 20/20
 15897 | Lair:3   | Received a gift from Nemelex Xobeh
 16314 | Lair:4   | Identified the +9 hand crossbow of Vanity {vorpal, Drain
                  | rF+ Will+ Dex+4}
 16460 | Lair:4   | Found a staircase to the Shoals.
 16477 | Lair:4   | Learned a level 4 spell: Iskenderun's Mystic Blast
 16547 | Lair:4   | Noticed Sonja
 16549 | Lair:4   | Killed Sonja
 16789 | Lair:4   | Reached skill level 1 in Translocations
 16812 | Lair:4   | Reached skill level 5 in Evocations
 17586 | Lair:4   | Reached skill level 10 in Short Blades
 17941 | Lair:5   | Received a gift from Nemelex Xobeh
 18113 | Lair:5   | Found the +4 Cigotuvi's embrace {rMiasma Drain rN+}
 18166 | Lair:5   | Received a gift from Nemelex Xobeh
 18204 | Lair:5   | Found a staircase to the Slime Pits.
 18209 | Lair:5   | Reached skill level 10 in Dodging
 18423 | Lair:5   | Received a gift from Nemelex Xobeh
 18598 | Lair:6   | Entered Level 6 of the Lair of Beasts
 18609 | Lair:6   | Noticed Snorg
 19290 | Lair:5   | Gained mutation: A meltable icy envelope protects you from
                  | harm. (AC +0) [demonic ancestry]
 19290 | Lair:5   | Reached XP level 14. HP: 110/111 MP: 23/23
 19475 | Lair:6   | Reached skill level 11 in Fighting
 19507 | Lair:6   | Reached ****** piety under Nemelex Xobeh
 19507 | Lair:6   | Received a gift from Nemelex Xobeh
 19600 | Lair:6   | Got the Volume of Sinister Clay
 19902 | Lair:6   | Identified the ring of Exis {rF- EV+4 Str+6 Slay+3}
 20031 | Lair:6   | Killed Snorg
 21401 | D:11     | Received a gift from Nemelex Xobeh
 22026 | D:11     | Noticed Nergalle
 22036 | D:11     | Banished Nergalle
 22139 | D:11     | Received a gift from Nemelex Xobeh
 22247 | D:11     | Received a gift from Nemelex Xobeh
 22262 | D:11     | Identified the +6 long sword "Betex" {freeze, rC+ rCorr
                  | Int+3}
 22718 | D:12     | Reached skill level 5 in Translocations
 22796 | D:12     | Received a gift from Nemelex Xobeh
 22824 | D:12     | Found a gate leading to a gauntlet.
 22851 | Gauntlet | Entered a Gauntlet
 22851 | Gauntlet | Found a transporter.
 22851 | Gauntlet | Found a transporter.
 22858 | Gauntlet | Found a transporter.
 22876 | Gauntlet | Found a transporter.
 22907 | Gauntlet | Found a transporter.
 22915 | Gauntlet | Found a transporter.
 22933 | Gauntlet | Found a transporter.
 22960 | Gauntlet | Reached XP level 15. HP: 119/119 MP: 26/26
 23008 | Gauntlet | Found a transporter.
 23017 | Gauntlet | Reached skill level 1 in Shields
 23044 | Gauntlet | Found a transporter.
 23046 | Gauntlet | Found a transporter.
 23054 | Gauntlet | Found a transporter.
 23061 | Gauntlet | Found a transporter.
 23061 | Gauntlet | Found the +2 ratskin cloak {*Rats rPois rN+ Str-1 Int-1
                  | Dex+1}
 23063 | Gauntlet | Identified the ring "Zewkuasm" {rPois rN++ Will- rCorr
                  | Slay+2}
 24277 | D:13     | Received a gift from Nemelex Xobeh
 24446 | D:13     | Found a gate to the Vaults.
 24885 | D:14     | Received a gift from Nemelex Xobeh
 25356 | D:15     | Entered Level 15 of the Dungeon
 25519 | D:15     | Found a staircase to the Depths.
 26088 | D:15     | Reached skill level 12 in Fighting
 26093 | D:15     | Paralysed by an ogre mage for 3 turns
 26266 | D:15     | Noticed Josephine
 26273 | D:15     | Found Ucror's Weapon Boutique.
 26332 | D:15     | Killed Josephine
 26442 | D:15     | Received a gift from Nemelex Xobeh
 26944 | Orc:1    | Entered Level 1 of the Orcish Mines
 27043 | Orc:1    | Noticed an orc warlord
 27085 | Orc:1    | Killed an orc warlord
 27422 | Orc:2    | Entered Level 2 of the Orcish Mines
 27422 | Orc:2    | Received a gift from Nemelex Xobeh
 27529 | Orc:2    | Found a burning altar of Makhleb.
 27536 | Orc:2    | Found Kireujun's Antique Weapon Emporium.
 27694 | Orc:2    | Found Inesikio's General Store.
 27709 | Orc:2    | Reached XP level 16. HP: 121/127 MP: 28/28
 27722 | Orc:2    | Bought a potion of ambrosia for 80 gold pieces
 27762 | Orc:2    | Found Qapnomow's Antique Armour Shoppe.
 27843 | Orc:2    | Found Pagud's Book Shoppe.
 27916 | Orc:2    | Bought a glowing hat for 217 gold pieces
 27955 | Orc:2    | Received a gift from Nemelex Xobeh
 27965 | Orc:2    | Found a staircase to the Elven Halls.
 28006 | Orc:2    | Learned a level 6 spell: Starburst
 28175 | Orc:1    | Noticed Erolcha
 28179 | Orc:1    | Killed Erolcha
 28552 | Orc:1    | Found Lufaka's Mayhem Merchandise.
 28564 | Orc:1    | Found Jeichuilly's Assorted Antiques.
 28566 | Orc:1    | Bought a wand of iceblast (3) for 98 gold pieces
 28566 | Orc:1    | Bought a book of Fire for 616 gold pieces
 28572 | Orc:1    | Learned a level 5 spell: Fireball
 28582 | Orc:1    | Bought a shadowed robe for 165 gold pieces
 28582 | Orc:1    | Identified the +0 robe "Temi" {Int+2 Dex+3 SInv} (You
                  | bought it in a shop on level 1 of the Orcish Mines)
 28582 | Orc:1    | Bought a pair of transparent boots for 275 gold pieces
 28582 | Orc:1    | Identified the +0 pair of boots of Gehenna {*Slow rF++
                  | Will- Dex+9} (You bought it in a shop on level 1 of the
                  | Orcish Mines)
 28649 | Orc:1    | Found Ressiw's Gadget Gallery.
 28679 | Orc:1    | Bought a tin of tremorstones (2/2) for 640 gold pieces
 28679 | Orc:1    | Bought a wand of iceblast (4) for 128 gold pieces
 28687 | Orc:1    | Gained mutation: You are completely covered in razor-sharp
                  | scales. (AC +3, Slay +3) [demonic ancestry]
 28687 | Orc:1    | Reached XP level 17. HP: 134/134 MP: 29/29
 28868 | Snake:1  | Entered Level 1 of the Snake Pit
 29082 | Snake:1  | Received a gift from Nemelex Xobeh
 29277 | Snake:1  | Reached skill level 5 in Armour
 29362 | Snake:1  | Found a radiant altar of Vehumet.
 29367 | Snake:1  | Received a gift from Nemelex Xobeh
 29609 | Snake:2  | Reached skill level 10 in Conjurations
 29613 | Snake:2  | Found Apiuxt's Armour Boutique.
 29866 | Snake:2  | HP: 5/135 [salamander (12)]
 29987 | Snake:2  | Received a gift from Nemelex Xobeh
 30473 | Snake:3  | Noticed Nikola
 30500 | Snake:3  | Killed Nikola
 30840 | Snake:2  | Bought a scarf of repulsion for 168 gold pieces
 31106 | Snake:3  | Noticed Vashnia
 31125 | Snake:3  | Found Votem's Distillery.
 31152 | Snake:3  | Found Ziwnith's Book Shoppe.
 31152 | Snake:3  | Found Ver Asuuwie's Magic Scroll Emporium.
 31172 | Snake:3  | Killed Vashnia
 31176 | Snake:3  | Bought a potion of heal wounds for 95 gold pieces
 31176 | Snake:3  | Bought a potion of heal wounds for 95 gold pieces
 31176 | Snake:3  | Bought a potion of haste for 190 gold pieces
 31176 | Snake:3  | Found Pamecefe's Antique Armour Shoppe.
 31188 | Snake:3  | Learned a level 2 spell: Blink
 31192 | Snake:3  | Learned a level 3 spell: Lesser Beckoning
 31274 | Snake:3  | Noticed Roxanne
 31305 | Snake:4  | Entered Level 4 of the Snake Pit
 31912 | Snake:3  | Reached skill level 1 in Invocations
 31932 | Snake:3  | Noticed Mlioglotl
 31940 | Snake:3  | Killed Mlioglotl
 32895 | Snake:4  | Reached XP level 18. HP: 98/142 MP: 29/31
 32924 | Snake:4  | Reached skill level 13 in Fighting
 32947 | Snake:4  | Received a gift from Nemelex Xobeh
 33731 | Snake:4  | Noticed Aizul
 33748 | Snake:4  | Banished Aizul
 33943 | Snake:4  | Learned a level 5 spell: Manifold Assault
 34008 | Snake:4  | Received a gift from Nemelex Xobeh
 34255 | Snake:4  | Reached skill level 10 in Fire Magic
 34517 | Snake:4  | Reached skill level 5 in Invocations
 34575 | Snake:4  | Paralysed by a salamander for 3 turns
 34640 | Snake:4  | Got a serpentine rune of Zot
 35033 | Snake:4  | Upgraded the game from 0.28-a0-991-g956f0ee3d5 to
                  | 0.28-a0-998-gb9e9c7b67e
 35170 | Shoals:1 | Entered Level 1 of the Shoals
 35182 | Shoals:1 | Found a runed translucent gate.
 35182 | Shoals:1 | Found a runed translucent gate.
 35182 | Shoals:1 | Found a runed translucent gate.
 35183 | Shoals:1 | Found an opulent altar of Gozag.
 35183 | Shoals:1 | Found Imaseas's Assorted Antiques.
 35184 | Shoals:1 | Noticed tatocazan's ghost (adept DsFi)
 35404 | Shoals:1 | Reached skill level 10 in Spellcasting
 35694 | Shoals:1 | Learned a level 4 spell: Dispel Undead
 36258 | Shoals:2 | Received a gift from Nemelex Xobeh
 36456 | Shoals:2 | Reached skill level 1 in Necromancy
 36765 | Shoals:3 | Received a gift from Nemelex Xobeh
 37051 | Shoals:3 | Identified the +4 ring mail of Obliol {rPois rC- Slay-4
                  | Stlth+}
 37321 | Shoals:3 | Found Laogoig's Jewellery Emporium.
 37654 | Shoals:3 | Received a gift from Nemelex Xobeh
 37687 | Shoals:4 | Entered Level 4 of the Shoals
 37785 | Shoals:4 | Reached XP level 19. HP: 133/151 MP: 33/33
 38013 | Shoals:4 | Noticed Bai Suzhen
 38229 | Shoals:4 | Identified the +3 executioner's axe "Kefyom" {spect, rC+}
 38279 | Shoals:4 | Killed Bai Suzhen
 38839 | Shoals:4 | Identified the +3 ring mail of Circular Logic {Stlth+}
 38845 | Shoals:4 | Reached skill level 14 in Fighting
 38890 | Shoals:4 | Got a barnacled rune of Zot
 40172 | Elf:1    | Entered Level 1 of the Elven Halls
 40191 | Elf:1    | Found a radiant altar of Vehumet.
 40212 | Elf:1    | Reached skill level 5 in Throwing
 40437 | Elf:1    | Received a gift from Nemelex Xobeh
 40605 | Elf:1    | Got the Reference Book on Summoning
 40607 | Elf:1    | Received a gift from Nemelex Xobeh
 42251 | Elf:2    | Paralysed by an air elemental for 1 turns
 42403 | Elf:2    | Found a runed translucent gate.
 42403 | Elf:2    | Found a runed translucent gate.
 42404 | Elf:2    | Found a runed translucent gate.
 42474 | Elf:2    | Reached skill level 5 in Necromancy
 42705 | Elf:2    | Identified the +1 robe of the Lizard {rElec rPois rN+
                  | Dex+5}
 42933 | Elf:3    | Entered Level 3 of the Elven Halls
 43028 | Elf:3    | Reached skill level 10 in Translocations
 43110 | Elf:3    | Received a gift from Nemelex Xobeh
 43128 | Elf:3    | Gained mutation: Your magical and physical power is
                  | slightly enhanced at high health. [demonic ancestry]
 43128 | Elf:3    | Reached XP level 20. HP: 130/160 MP: 35/35
 43151 | Elf:3    | Found Vulu's Jewellery Emporium.
 43256 | Elf:3    | Paralysed by an air elemental for 1 turns
 43596 | Elf:3    | Identified the +7 mace "Geoxtuyzxu" {flame, Dex+4}
 43616 | Elf:3    | Identified the +5 shadow dragon scales of Ifuast {Dex+4
                  | Stlth++++}
 43695 | Elf:2    | Found a shimmering blue altar of Sif Muna.
 43749 | Elf:3    | Identified the +1 robe of Jilonom {Dex+8}
 43762 | Elf:3    | Identified the +6 halberd of Haruunel {vorpal, rPois Str+3
                  | Dex+2}
 43792 | Elf:3    | Paralysed by an air elemental for 1 turns
 43806 | Elf:3    | Identified the +6 scimitar of Caustic Guile {freeze, rPois
                  | Str+3 Int-5}
 43806 | Elf:3    | Identified the ring "Ythreoce" {Str+6 Dex+6}
 44529 | Elf:3    | Identified the +3 spear of Resourcefulness {freeze, Int+2}
 45131 | Elf:3    | Gained mutation: Your magical and physical power is
                  | enhanced at high health. [demonic ancestry]
 45131 | Elf:3    | Reached XP level 21. HP: 166/166 MP: 27/36
 45240 | Elf:3    | HP: 8/166 [deep elf master archer/arrow (31)]
 45927 | Elf:3    | Identified the -5 helmet "Jitant" {rF- Will+ rCorr}
 45993 | Elf:3    | Got Teohogh's Incunabulum of Earthen Orientation
 46000 | Elf:3    | Identified the +0 scale mail of the Garden {rElec rF++
                  | Will+ Stlth+}
 46298 | Vaults:1 | Entered Level 1 of the Vaults
 46319 | Vaults:1 | Learned a level 4 spell: Animate Dead
 46501 | Snake:3  | Bought a scroll of amnesia for 56 gold pieces
 46502 | Snake:3  | Bought a scroll of fog for 32 gold pieces
 46502 | Snake:3  | Bought a scroll of fog for 32 gold pieces
 46502 | Snake:3  | Bought 2 scrolls of teleportation for 96 gold pieces
 46507 | Snake:3  | Learned a level 4 spell: Fulminant Prism
 46511 | Snake:3  | Learned a level 3 spell: Portal Projectile
 46697 | Vaults:1 | Paralysed by a great orb of eyes for 4 turns
 47327 | Vaults:1 | Received a gift from Nemelex Xobeh
 47366 | Vaults:1 | Reached skill level 1 in Hexes
 47387 | Vaults:1 | Slain by a white ugly thing

Illustrated notes

Levels and vault maps discovered:
D:1:      erik_arrival_triangle_small, layout_loops_corners,
          shapermc_ecumenical_altar_petra
D:2:      layout_loops_corners, minmay_surrounded, uniq_jessica
D:3:      kennysheep_the_goblin_king, layout_basic, uniq_crazy_yiuf_cottage
D:4:      layout_loops_ring, minmay_temple_entry_trees
D:5:      kennysheep_spiral_hall, layout_basic, nicolae_overflow_squiral,
          nzn_wu_jian_council_hall, columned_hall_lemuel
D:6:      layout_loops_ring, uniq_eustachio, uniq_menkaure
D:7:      layout_basic, trog_book
D:8:      layout_basic, nicolae_uskayaw_suspiria
D:9:      layout_layer_cave, minmay_three_doors
D:10:     minmay_the_grid_octo_2x2 [minmay_the_grid_octo_pinwheel,
          minmay_the_grid_octo_teeth, minmay_the_grid_octo_clover_2,
          minmay_the_grid_octo_prize_big_c], layout_basic, old_standard_altar,
          orc_0_dummy
D:11:     layout_long_grid, uniq_nergalle
D:12:     layout_rooms, gauntlet_entry_generic, serial_co_window_serial,
          co_window_paths_a, co_window_cross_1, co_window_paths_b,
          co_window_paths_b, co_window_corner_a, co_window_paths_a,
          co_window_cross_1, co_window_paths_b, co_window_paths_a,
          co_window_2corner, co_window_broadway_b, co_window_unsneaky_path_d,
          co_window_paths_c, co_window_paths_d, co_window_4corner_b,
          glass_columns_a, glass_columns_b, glass_columns_a,
          ebering_dispersal_statue_hall
D:13:     layout_basic, david_vaults_4, minmay_microvault
D:14:     layout_roguey, minmay_misc_feat_doors, hex_intersection
D:15:     gammafunk_enter_depths_forms, layout_loops_corners, elyvilon_altar_4,
          serial_shops, nicolae_inconvenience_store, uniq_josephine
Temple:   regret_index_temple_sphere_string
Lair:1:   layout_concentric_octagons, serial_bayou_pond_c, serial_bayou_shore_a,
          grunt_megastairs_1, lemuel_fruit_tree, infiniplex_staircase_pool
Lair:2:   layout_gridlike, guppyfry_snake_entry_island, uniq_gastronok
Lair:3:   layout_layer_cave, st_stairs_10, grunt_forest_small_clearing_treed
Lair:4:   layout_roguey, minmay_shoals_entry_beasts, uniq_sonja
Lair:5:   layout_long_grid, minmay_slime_entry_pillars
Lair:6:   minmay_lair_end_enchanted_forest, layout_regular_city, uniq_snorg
Shoals:1: layout_shoals, ebering_ghost_gozag
Shoals:2: dreamdust_from_the_deep, layout_shoals
Shoals:3: layout_shoals, serial_shops, shop, nicolae_shoals_flooded_hall
Shoals:4: shoals_end_simple, layout_shoals, nicolae_shoals_shepherds,
          uniq_bai_suzhen
Snake:1:  layout_gridlike, basic_altar
Snake:2:  layout_basic, nicolae_take_the_stairs
Snake:3:  layout_layer_cave, grunt_megastairs_5, minmay_shoptagon, uniq_vashnia,
          uniq_mlioglotl, uniq_nikola, uniq_roxanne
Snake:4:  snake_pit_salamanders_mu, layout_chambers, uniq_aizul
Orc:1:    orc_temple, layout_caves, serial_shops, shop_fountains, special_room
          [special_room_orc], minmay_shop_mayhem, nicolae_shop_gadgets,
          uniq_erolcha
Orc:2:    grunt_orc_gardens, layout_caves, grunt_orc_garden, grunt_orc_garden,
          grunt_orc_garden, grunt_orc_garden, bloody_makhleb
Elf:1:    eino_elf_arrival_altar, layout_gridlike, minmay_elf_demonology
Elf:2:    nicolae_elf_blades_splatter_lattice
          [nicolae_blade_entry_crossed_weapons], layout_geoelf_diagonals,
          minivault_16, lemuel_upstairs_altar
Elf:3:    minmay_elf_hall_not_hex, layout_rooms, serial_shops, shop
Vaults:1: nicolae_vaults_angled_halls, st_more_cells, vaults_mumra_minichess,
          nicolae_vaults_alarming, vaults_standard_mumra_enter_the_diamond,
          vaults_dpeg_cross, hangedman_vaults_stretched_pinwheel,
          vaults_dpeg_encased_lava, layout_vaults_omnigrid, uniq_saint_roka

Skill      XL: |  1  2  3  4  5  6  7  8  9 10 11 12 13 14 15 16 17 18 19 20 21 |
---------------+----------------------------------------------------------------+-----
Short Blades   | 3 4 5 6 7 8 9 10 | 10.0
Dodging        | 3 4 5 7 8 9 10 11 12 | 12.0
Throwing       | 2 3 6 7 |  7.8
Armour         | 1 3 4 6 7 8 |  8.0
Stealth        | 1 2 3 5 6 8 9 |  9.7
Fighting       | 3 4 6 7 8 9 10 11 12 13 14 | 14.7
Spellcasting   | 1 3 5 6 7 8 9 10 11 | 11.6
Conjurations   | 2 4 5 6 8 9 10 11 12 13 | 13.0
Fire Magic     | 1 3 5 6 7 8 9 10 11 | 11.9
Evocations     | 2 4 5 7 8 9 |  9.2
Translocations | 3 5 6 7 9 10 | 10.6
Shields        | 3 4 |  4.0
Invocations    | 2 6 8 9 |  9.8
Necromancy     | 2 5 6 |  6.9
Hexes          | 1 |  1.0

Action                   |  1- 3 |  4- 6 |  7- 9 | 10-12 | 13-15 | 16-18 | 19-21 || total
-------------------------+-------+-------+-------+-------+-------+-------+-------++-------
Melee: Rapier            |    81 |   200 |   181 |       |       |       |       ||   462
       Headbutt          |     4 |    45 |    54 |   171 |   416 |   384 |   326 ||  1400
       Dagger            |       |       |    95 |   545 |  1339 |  1235 |  1121 ||  4335
Throw: Throwing net      |       |       |     3 |    10 |       |       |     1 ||    14
       Boomerang         |       |       |       |       |     1 |    40 |    42 ||    83
       Javelin           |       |       |       |       |       |       |    13 ||    13
 Cast: Foxfire           |       |       |       |     2 |       |     7 |       ||     9
       Blink             |       |       |       |       |       |     4 |     2 ||     6
       Flame Wave        |       |       |       |       |       |     4 |     1 ||     5
       Fireball          |       |       |       |       |       |     1 |    14 ||    15
       Iskenderun's Myst |       |       |       |       |       |     4 |       ||     4
       Lesser Beckoning  |       |       |       |       |       |       |     7 ||     7
       Manifold Assault  |       |       |       |       |       |       |     4 ||     4
Invok: Draw Destruction  |       |       |     1 |     7 |     4 |    33 |    22 ||    67
       Draw Summoning    |       |       |       |     1 |     4 |     4 |     5 ||    14
       Draw Escape       |       |       |       |       |       |     1 |       ||     1
       Stack Five        |       |       |       |       |       |       |     1 ||     1
Evoke: Wand              |       |       |       |    17 |     8 |    30 |     6 ||    61
       Condenser vane    |       |       |       |     1 |     2 |     4 |     1 ||     8
       Lightning rod     |       |       |       |       |       |     8 |       ||     8
       Tin of tremorston |       |       |       |       |       |       |     2 ||     2
  Use: Scroll            |     3 |    11 |     4 |     7 |    12 |     6 |     9 ||    52
       Potion            |       |       |       |       |       |     4 |     7 ||    11
 Stab: Sleeping          |     2 |     3 |     9 |    11 |    39 |    35 |    19 ||   118
       Held in net/web   |       |       |     3 |     3 |       |       |       ||     6
       Distracted        |       |       |     1 |       |     4 |     4 |     2 ||    11
       Petrifying        |       |       |       |       |     3 |       |       ||     3
       Petrified         |       |       |       |       |     2 |       |       ||     2
Armor: Leather armour    |    29 |    40 |    55 |    42 |   164 |   172 |   193 ||   695
       Steam dragon scal |       |       |    15 |    23 |       |       |       ||    38
Dodge: Dodged            |    45 |   111 |   213 |   366 |   800 |   815 |   730 ||  3080
       Repelled          |       |       |       |       |       |    20 |    30 ||    50
Block: Other             |       |       |       |    67 |    79 |       |       ||   146
       Buckler           |       |       |       |       |   188 |   678 |   506 ||  1372

Table legend: (Time is in decaauts)
 A = Elapsed time spent in this place.
 B = Non-inter-level travel time spent in this place.
 C = Inter-level travel time spent in this place.
 D = Time resting spent in this place.
 E = Time spent auto-exploring this place.
 F = Levels seen in this place.
 G = Mean time per level.
                   A        B        C        D        E       F      G
               +--------+--------+--------+--------+--------+-----+--------+
         Total |  45921 |  42987 |   2934 |  10468 |  20491 |  37 | 1241.1 |
       Dungeon |  18709 |  17455 |   1254 |   3728 |  10193 |  15 | 1247.3 |
        Temple |    215 |    202 |     13 |      0 |    128 |   1 |  215.0 |
          Lair |   8065 |   7220 |    845 |   1478 |   4197 |   6 | 1344.2 |
        Shoals |   4852 |   4654 |    198 |    654 |   1588 |   4 | 1213.0 |
     Snake Pit |   6110 |   5855 |    255 |   1654 |   2599 |   4 | 1527.5 |
  Orcish Mines |   1731 |   1589 |    142 |    216 |    869 |   2 |  865.5 |
   Elven Halls |   5798 |   5581 |    217 |   2709 |    879 |   3 | 1932.7 |
        Vaults |    158 |    150 |      8 |      0 |     37 |   1 |  158.0 |
      Gauntlet |    279 |    279 |      0 |     27 |      0 |   1 |  279.0 |
               +--------+--------+--------+--------+--------+-----+--------+

Top non-repeatable levels by time:
 Snake:4: 2691 daAuts
    D:10: 2140 daAuts
   Elf:3: 2118 daAuts
   Elf:2: 2060 daAuts
     D:2: 2052 daAuts
  Lair:4: 1742 daAuts
Shoals:4: 1667 daAuts
   Elf:1: 1620 daAuts
 Snake:3: 1429 daAuts
  Lair:6: 1426 daAuts
    D:15: 1420 daAuts
    D:13: 1386 daAuts
  Lair:5: 1296 daAuts
  Lair:3: 1293 daAuts
  Lair:1: 1286 daAuts
